 Dungeon Crawl Stone Soup version 0.28-a0-863-g8cecda6153 (webtiles) character file.

Game seed: 10784498252257776096

191016 Crownlay the Earth Mage (level 18, -10/107 HPs)
             Began as a Gargoyle Earth Elementalist on Nov 19, 2021.
             Was the Champion of Vehumet.
             Mangled by Donald (28 damage)
             ... on level 2 of the Snake Pit.
             The game lasted 01:34:21 (44839 turns).

Crownlay the Earth Mage (GrEE)                     Turns: 44839, Time: 01:34:22

Health: -10/107    AC: 30    Str: 13    XL:     18   Next: 18%
Magic:  3/47       EV: 11    Int: 25    God:    Vehumet [******]
Gold:   2125       SH: 16    Dex: 10    Spells: 3/49 levels left

rFire   . . .      SeeInvis +   x - staff of earth
rCold   . . .      Faith    +   a - +4 kite shield {reflect}
rNeg    + + .      Spirit   .   U - +3 leather armour of Calculation {rN+ Regen+ Int+2 SInv}
rPois   ∞          Reflect  +   u - +2 hat {Stlth+}
rElec   +          Harm     .   k - +1 cloak
rCorr   .          Rampage  .   t - +2 pair of gloves
Will    +....                   (no boots)
Stlth   +++.......              O - amulet of faith
HPRegen 1.27/turn               y - ring of magical power
MPRegen 0.30/turn               P - +4 ring of protection

@: flying
A: sickness immunity, AC +13, big wings, negative energy resistance 1,
electricity resistance, torment resistance 1, petrification resistance
}: 1/15 runes: decaying
a: Renounce Religion


You were on level 2 of the Snake Pit.
You worshipped Vehumet.
Vehumet was exalted by your worship.
You visited 6 branches of the dungeon, and saw 30 of its levels.

You collected 4092 gold pieces.
You spent 1967 gold pieces at shops.

Inventory:

Missiles
 b - 170 stones
Armour
 a - a +4 kite shield of reflection (worn)
 i - the +3 pair of seven-league boots {Rampage+∞}
   (You found it on level 2 of the Lair of Beasts)

   Its wearer moves as far as possible in that direction when moving towards
   enemies.
 k - a +1 cloak (worn)
 t - a +2 pair of gloves (worn)
 u - a +2 hat of stealth (worn)
 J - +1 steam dragon scales
 R - the +0 pair of boots "Imepn" {-Tele rPois Str+6}
   (You bought it in a shop on level 2 of the Orcish Mines)

   Str:       It affects your strength (+6).
   rPois:     It protects you from poison.
   -Tele:     It prevents most forms of teleportation.
 U - the +3 leather armour of Calculation (worn) {rN+ Regen+ Int+2 SInv}
   (You found it on level 6 of the Lair of Beasts)

   Int:       It affects your intelligence (+2).
   rN:        It protects you from negative energy.
   SInv:      It lets you see invisible.
   Regen:     It increases your rate of health regeneration.
Magical Staves
 x - a staff of earth (weapon)
Jewellery
 y - a ring of magical power (left hand)
 O - an amulet of faith (around neck)
 P - a +4 ring of protection (right hand)
Wands
 d - a wand of acid (45)
 h - a wand of mindburst (21)
 r - a wand of paralysis (8)
 I - a wand of flame (64)
 Q - a wand of iceblast (22)
 T - a wand of charming (9)
Scrolls
 e - 7 scrolls of blinking
 g - 7 scrolls of amnesia
 j - 6 scrolls of fear
 l - 12 scrolls of noise
 m - 2 scrolls of vulnerability
 s - 8 scrolls of teleportation
 w - 3 scrolls of magic mapping
 A - 2 scrolls of silence
 B - 2 scrolls of immolation
 G - 5 scrolls of fog
 K - 2 scrolls of holy word
 L - a scroll of summoning
 M - 7 scrolls of identify
 N - a scroll of torment
Potions
 c - 3 potions of lignification
 f - 8 potions of ambrosia
 n - 14 potions of curing
 o - 4 potions of attraction
 p - a potion of invisibility
 q - 4 potions of brilliance
 v - a potion of cancellation
 z - 4 potions of flight
 C - a potion of mutation
 D - 6 potions of might
 E - 3 potions of heal wounds
 F - 4 potions of degeneration
 H - a potion of magic
 S - 2 potions of haste
 V - a potion of berserk rage


   Skills:
 - Level 10.0 Fighting
 - Level 1.5 Dodging
 - Level 2.1 Stealth
 - Level 15.0 Shields
 * Level 16.0 Spellcasting
 - Level 15.8 Conjurations
 - Level 7.6 Summonings
 - Level 0.7 Transmutations
 + Level 17.3 Earth Magic
 - Level 5.0 Evocations


You had 3 spell levels left.
You knew the following spells:

 Your Spells              Type           Power      Damage    Failure   Level
a - Sandblast             Erth           100%       2d20      0%          1
b - Stone Arrow           Conj/Erth      100%       3d13      0%          3
c - Lee's Rapid Deconstr  Erth           51%        3d25*     1%          5
d - Iron Shot             Conj/Erth      50%        9d10      1%          6
e - Orb of Destruction    Conj           39%        9d13      1%          7
f - Spellforged Servitor  Conj/Summ      34%        N/A       6%          7
g - Lehudib's Crystal Sp  Conj/Erth      50%        10d12     7%          8
h - Shatter               Erth           51%        3d39*     54%         9

Your spell library contained the following spells:

 Spells                   Type           Power      Damage    Failure   Level
 Polar Vortex             Ice            10%        N/A       100%        9
 Magic Dart               Conj           100%       1d8       0%          1
 Searing Ray              Conj           100%       2d8       0%          2
 Freeze                   Ice            80%        1d9       1%          1
 Shock                    Conj/Air       100%       1d9       1%          1
 Passwall                 Tmut/Erth      65%        N/A       1%          2
 Static Discharge         Conj/Air       56%        N/A       1%          2
 Conjure Flame            Conj/Fire      56%        6-21      1%          3
 Dazzling Flash           Conj/Hex       100%       N/A       1%          3
 Mephitic Cloud           Conj/Pois/Air  46%        N/A       1%          3
 Frozen Ramparts          Ice            40%        1d6       2%          3
 Ignite Poison            Fire/Tmut/Pois 21%        N/A       2%          3
 Blink                    Tloc           40%        N/A       4%          2
 Ensorcelled Hibernation  Hex/Ice        40%        N/A       4%          2
 Spider Form              Tmut/Pois      21%        N/A       9%          3
 Lesser Beckoning         Tloc           20%        N/A       10%         3
 Ozocubu's Armour         Ice            20%        N/A       10%         3
 Swiftness                Air            20%        N/A       10%         3
 Animate Armour           Summ/Erth      100%       N/A       1%          4
 Fulminant Prism          Conj/Hex       28%        3d14      1%          4
 Hailstorm                Conj/Ice       56%        3d12      1%          4
 Iskenderun's Mystic Bla  Conj/Tloc      56%        2d12      1%          4
 Petrify                  Tmut/Erth      78%        N/A       1%          4
 Sticky Flame             Conj/Fire      56%        2d7       1%          4
 Fireball                 Conj/Fire      28%        3d12      1%          5
 Irradiate                Conj/Tmut      28%        3d23      1%          5
 Lightning Bolt           Conj/Air       28%        1d44      1%          5
 Borgnjor's Vile Clutch   Necr/Erth      38%        N/A       2%          5
 Freezing Cloud           Conj/Ice/Air   23%        6-21      3%          5
 Starburst                Conj/Fire      28%        6d9       5%          6
 Alistair's Intoxication  Tmut/Pois      14%        N/A       63%         5
 Manifold Assault         Tloc           20%        N/A       67%         5
 Metabolic Englaciation   Hex/Ice        10%        N/A       67%         5
 Eringya's Noxious Bog    Tmut/Pois      10%        N/A       71%         6
 Simulacrum               Ice/Necr       10%        N/A       99%         6
 Maxwell's Capacitive Co  Air            10%        ∞         100%        8
 Statue Form              Tmut/Erth      Unusable   N/A       N/A         6

Dungeon Overview and Level Annotations

Branches:
Dungeon (15/15)            Temple (1/1) D:5            Lair (6/6) D:10
  Swamp (4/4) Lair:4        Snake (2/4) Lair:3        Slime (0/5) Lair:6
    Orc (2/2) D:12            Elf (0/3) Orc:2        Vaults (0/5) D:14
 Depths (0/4) D:15

Altars:
Dithmenos
Elyvilon
Fedhas
Gozag
Hepliaklqana
Kikubaaqudgha
Makhleb
Nemelex Xobeh
Okawaru
Qazlal
Ru
Sif Muna
Trog
Uskayaw
Vehumet
Wu Jian
Xom
Yredelemnul
The Shining One
Beogh
Jiyva

Shops:
D:2 (*[   D:3 [   D:7 *   D:8 ?!   D:10 *   Orc:2 [?([   Snake:1 *?[**

Annotations:
D:6 1 runed translucent door
D:10 2 transporters
Lair:6 1 runed translucent door
Snake:2 Donald


Innate Abilities, Weirdness & Mutations

You are immune to sickness and miasma.
Your stone body is resilient. (AC +13)
You are immune to poison.
Your large and strong wings let you fly.
You resist negative energy. (rN+)
You are resistant to electric shocks. (rElec)
You are resistant to unholy torment.
You are immune to petrification.


Message History

The shock serpent shoots out a bolt of lightning at you!
The bolt of electricity hits you! You resist. The bolt of electricity hits you.
You resist.
Donald says, "What sort of name is 'naga' anyway?
They're not even good at nagging."
Donald hits you with a +1 vorpal long sword.
You closely miss the shock serpent.
The shock serpent is almost dead.
The shock serpent bites you but does no damage.
Donald hits you with a +1 vorpal long sword.
Your spellforged servitor gestures at the shock serpent while chanting.
The crystal spear hits the shock serpent!
The shock serpent dies!
Vehumet accepts your kill.
The air sparks with electricity, shocking your spellforged servitor!
Your spellforged servitor resists.
You block Donald's attack. Donald blocks your attack.
Donald is lightly wounded.
Donald says, "I don't get what's so special about the number twenty-seven."
Donald hits you with a +1 vorpal long sword!!
* * * LOW HITPOINT WARNING * * *
x2 Donald hits you but does no damage.
Your spellforged servitor points at Donald and mumbles some strange words.
The crystal spear hits Donald!!!
What are your orders? t - Shout!
Orders for allies: a - Attack new target. p - Attack previous target. r - Retreat! s - Stop attacking. g - Guard the area. f - Follow me.
Anything else - Cancel.
Gang up on whom?
Press: ? - help, Dir - move target, f/p - Donald
Aim: Donald, wielding a +1 vorpal long sword, wearing a +1 plate armour of fire resistance and wearing a +0 kite shield of reflection (severely wounded, fast, strong, ally target) Attack!
You closely miss Donald.
Donald is severely wounded.
Donald hits you with a +1 vorpal long sword.
* * * LOW HITPOINT WARNING * * *
x2 Donald hits you with a +1 vorpal long sword!!
You die...

.. ... .... ###
....# ... .<.#
.... #.)###
..... #...###...
#.#... ###@#.#
####.##.9@).#
#......<#>.....#
#.........###†##
#..........# #
#########....
##.#..# .#..# .#
.#


You could see Donald (fast, strong, ally target) and a friendly spellforged
servitor (summoned).

Vanquished Creatures
  Jorgrun (D:12)
  Rupert (Lair:3)
  Gastronok (Lair:3)
  Frances (Snake:1)
  A thorn hunter (Swamp:1)
  Roxanne (Snake:1)
  Agnes (Snake:1)
  A nagaraja (Snake:2)
  An orc warlord (Orc:2)
  A dire elephant (D:15)
  6 bunyips
  3 eleionomae
  Josephine (D:15)
  4 fire dragons
  A naga warrior (Snake:2)
  33 hydras
  4 vault guards (D:14)
  An ice dragon (Lair:6)
  Harold (D:6)
  7 boulder beetles
  4 ghost crabs
  Erolcha (D:10)
  An ogre mage (D:15)
  3 catoblepae
  6 anacondas
  6 centaur warriors
  6 death yaks
  9 two-headed ogres
  6 alligators
  2 death knights (D:14)
  A tengu warrior (D:14)
  2 shock serpents
  2 naga sharpshooters (Snake:1)
  2 orc high priests (Orc:2)
  Sonja (D:10)
  2 fire crabs (Swamp:4)
  2 skeletal warriors (D:14)
  5 goliath frogs
  A death drake (Swamp:2)
  2 spriggan druids
  7 swamp dragons
  3 bog bodies
  2 naga ritualists (Snake:1)
  5 lindwurms
  A phantasmal warrior (D:13)
  A wizard (D:15)
  2 deep elf pyromancers
  3 mana vipers (Snake:1)
  5 orc knights
  A wolf spider (D:15)
  6 will-o-the-wisps
  3 orc sorcerers (Orc:2)
  6 manticores
  A shining eye (shapeshifter) (D:15)
  2 salamanders (Snake:1)
  4 naga magi (Snake:1)
  3 cyclopes
  A guardian serpent (Lair:2)
  5 elephants
  21 black mambas
  5 torpor snails (Lair:6)
  10 cane toads
  Maggie (D:7)
  2 unseen horrors
  3 yaktaurs (D:12)
  2 efreet
  9 komodo dragons
  An unseen horror (shapeshifter) (D:13)
  4 rime drakes
  A komodo dragon (shapeshifter) (D:14)
  2 polar bears
  A meliai (shapeshifter) (D:13)
  The ghost of Megustar the Firebug, a novice DEFE of Vehumet (D:6)
  19 hornets
  8 slime creatures
  A nameless horror (Lair:3)
  4 trolls
  9 tyrant leeches
  A bloated husk (Swamp:3)
  35 blink frogs
  Sigmund (D:6)
  15 spriggans
  51 yaks
  A shadow (D:11)
  6 water elementals (D:14)
  3 wyverns
  7 basilisks
  A yak (shapeshifter) (D:14)
  10 wraiths
  4 vampire mosquitoes (D:13)
  9 steam dragons
  2 two-headed ogre zombies (D:12)
  Menkaure (D:7)
  13 nagas
  5 wargs
  Edmund (D:5)
  18 swamp worms
  4 acid dragons
  9 water moccasins
  An ice beast (D:8)
  33 orc warriors
  A sky beast (shapeshifter) (D:14)
  11 swamp drakes
  A hornet zombie (D:7)
  2 sky beasts
  11 ogres
  3 necrophages
  2 black bears (D:7)
  9 wolves (Lair:3)
  24 centaurs
  A phantom (D:12)
  2 kobold brigands
  13 bullfrogs
  A gnoll sergeant (D:10)
  2 scorpions
  A troll zombie (D:12)
  10 killer bees
  3 wights (D:7)
  9 howler monkeys
  3 electric eels
  3 centaur zombies
  3 jellies (Lair:3)
  A lava snake (Swamp:4)
  A gnoll shaman (D:4)
  2 hounds
  4 centaur skeletons
  14 orc priests
  6 iguanas
  13 hell rats
  15 orc wizards
  A killer bee zombie (D:6)
  5 ogre zombies (D:12)
  2 hound skeletons
  5 howler monkey zombies
  13 gnolls
  3 adders (D:3)
  2 river rats (D:6)
  2 white imps
  3 ufetubi
  2 adder skeletons
  4 worms
  2 dart slugs
  94 orcs
  3 endoplasms
  4 giant cockroaches
  10 goblins
  7 hobgoblins
  3 jackals (D:4)
  8 quokkas
  7 ball pythons
  2 bats
  3 frilled lizards
  A goblin zombie (D:12)
  3 hobgoblin skeletons (D:12)
  4 hobgoblin zombies (D:12)
  17 kobolds
  2 orc skeletons (D:12)
  15 orc zombies (D:12)
  8 rats
937 creatures vanquished.

Vanquished Creatures (collateral kills)
  Mlioglotl (Snake:1)
  A naga warrior (Lair:3)
  The ghost of t4s4d4r the Martial Artist, a journeyman OpTm of Gozag (Lair:3)
  A shock serpent (Snake:2)
  A slime creature (Lair:3)
5 creatures vanquished.

Vanquished Creatures (others)
  An ogre mage (D:15)
  A bloated husk (Swamp:3)
  A hornet (Swamp:3)
  A steam dragon (Swamp:4)
  2 swamp drakes (Swamp:4)
  A human (D:7)
  2 foxfires (Swamp:3)
  36 fungi
  43 plants
88 creatures vanquished.

Grand Total: 1030 creatures vanquished

Notes
Turn   | Place    | Note
-------+----------+-------------------------------------------
     0 | D:1      | Crownlay the Gargoyle Earth Elementalist began the quest
                  | for the Orb.
     0 | D:1      | Reached XP level 1. HP: 10/10 MP: 3/3
   372 | D:1      | Reached XP level 2. HP: 15/15 MP: 3/5
   679 | D:1      | Reached skill level 4 in Earth Magic
   703 | D:1      | Found a faded altar of an unknown god.
   958 | D:2      | Found Annuirir's Armour Shoppe.
   963 | D:2      | Reached XP level 3. HP: 19/19 MP: 4/7
  1312 | D:2      | Learned a level 3 spell: Stone Arrow
  1690 | D:2      | Found Osseiqau's Assorted Antiques.
  1743 | D:2      | Found Bevuapsi's Weapon Shoppe.
  1869 | D:3      | Reached XP level 4. HP: 15/24 MP: 7/9
  2156 | D:3      | Found a glowing golden altar of the Shining One.
  2176 | D:3      | Found Ilocekox's Antique Armour Emporium.
  2243 | D:3      | Found a stormy altar of Qazlal.
  2410 | D:3      | Reached XP level 5. HP: 11/28 MP: 0/11
  2505 | D:3      | Reached skill level 5 in Earth Magic
  2920 | D:3      | Noticed an ogre
  2925 | D:3      | Killed an ogre
  2926 | D:3      | Reached XP level 6. HP: 32/32 MP: 5/13
  3349 | D:4      | Reached skill level 5 in Spellcasting
  3839 | D:4      | Reached skill level 6 in Earth Magic
  3952 | D:4      | Reached XP level 7. HP: 32/36 MP: 15/15
  4746 | D:5      | Entered Level 5 of the Dungeon
  4821 | D:5      | Found a staircase to the Ecumenical Temple.
  4831 | Temple   | Entered the Ecumenical Temple
  5137 | Temple   | Became a worshipper of Vehumet
  5204 | D:5      | Noticed Edmund
  5211 | D:5      | Killed Edmund
  5587 | D:5      | Paralysed by a gnoll for 2 turns
  5748 | D:5      | Reached skill level 7 in Earth Magic
  5748 | D:5      | Reached XP level 8. HP: 41/41 MP: 5/18
  5868 | D:5      | Found a white marble altar of Elyvilon.
  6772 | D:6      | Reached * piety under Vehumet
  6772 | D:6      | Offered knowledge of Freeze by Vehumet.
  6947 | D:6      | Found a shimmering altar of Xom.
  6963 | D:6      | Reached skill level 8 in Earth Magic
  7286 | D:6      | Found a runed translucent door.
  7291 | D:6      | Noticed Megustar's ghost (novice DEFE)
  7329 | D:6      | Found a runed translucent door.
  7511 | D:6      | Noticed Sigmund
  7517 | D:6      | Killed Sigmund
  7518 | D:6      | Reached XP level 9. HP: 45/45 MP: 12/21
  7790 | D:6      | Killed Megustar's ghost
  7791 | D:6      | Reached skill level 9 in Earth Magic
  7876 | D:7      | Noticed Menkaure
  7879 | D:7      | Killed Menkaure
  7981 | D:7      | Noticed Maggie
  7986 | D:7      | Killed Maggie
  8105 | D:7      | Reached skill level 10 in Spellcasting
  8114 | D:7      | Noticed Harold
  8135 | D:6      | Killed Harold
  8136 | D:6      | Reached skill level 10 in Earth Magic
  8136 | D:6      | Reached XP level 10. HP: 36/50 MP: 0/24
  9066 | D:7      | Found Fuxiuhaw's General Store.
  9067 | D:7      | Found Fejitos's Specific Store.
  9080 | D:7      | Bought 19 stones for 26 gold pieces
  9084 | D:7      | Bought a scroll of identify for 30 gold pieces
  9293 | D:7      | Found an ancient bone altar of Kikubaaqudgha.
  9331 | D:7      | Found a bloodstained altar of Trog.
  9455 | D:8      | Offered knowledge of Scorch by Vehumet.
  9459 | D:8      | Reached ** piety under Vehumet
  9554 | D:8      | Identified the ring "Kus Nuch" {Fly rElec rN+ Will- Dex+4}
  9936 | D:8      | Found Yduw's Distillery.
  9990 | D:8      | Bought a potion of might for 40 gold pieces
  9990 | D:8      | Bought a potion of heal wounds for 50 gold pieces
  9990 | D:8      | Bought a potion of degeneration for 10 gold pieces
 10020 | D:8      | Reached skill level 11 in Earth Magic
 10384 | D:8      | Noticed a two-headed ogre
 10391 | D:8      | Killed a two-headed ogre
 10494 | D:8      | Found Reimo's Magic Scroll Emporium.
 10520 | D:8      | Bought a scroll of identify for 20 gold pieces
 10520 | D:8      | Bought a scroll of identify for 20 gold pieces
 10520 | D:8      | Bought a scroll of identify for 20 gold pieces
 10520 | D:8      | Bought a scroll of identify for 20 gold pieces
 10524 | D:8      | Bought a scroll of fog for 20 gold pieces
 10717 | D:9      | Offered knowledge of Searing Ray by Vehumet.
 11061 | D:9      | Reached *** piety under Vehumet
 11502 | D:10     | Entered Level 10 of the Dungeon
 11506 | D:10     | Noticed Sonja
 11518 | D:10     | Killed Sonja
 11519 | D:10     | Reached XP level 11. HP: 62/62 MP: 7/26
 11742 | D:10     | Found the +10 dark maul {vorpal}
 11804 | D:10     | Found a staircase to the Lair.
 11820 | D:10     | Reached skill level 5 in Fighting
 11820 | D:10     | Reached skill level 5 in Conjurations
 11974 | D:10     | Found a transporter.
 12031 | D:10     | Noticed Erolcha
 12040 | D:10     | Killed Erolcha
 12178 | D:10     | Offered knowledge of Airstrike by Vehumet.
 12311 | D:10     | Found a transporter.
 12317 | D:10     | Reached skill level 1 in Shields
 12466 | D:10     | Found Gagg's General Store.
 12722 | D:10     | Found a sparkling altar of Nemelex Xobeh.
 12951 | D:11     | Noticed a boulder beetle
 12965 | D:11     | Killed a boulder beetle
 13083 | D:11     | Noticed a two-headed ogre
 13087 | D:11     | Killed a two-headed ogre
 13159 | D:11     | Noticed a manticore
 13163 | D:11     | Killed a manticore
 13357 | D:11     | Found a hide-covered altar of Uskayaw.
 13373 | D:11     | Reached skill level 5 in Shields
 13496 | D:11     | Noticed a cyclops
 13501 | D:11     | Killed a cyclops
 13943 | D:12     | Reached **** piety under Vehumet
 13978 | D:12     | Offered knowledge of Frozen Ramparts by Vehumet.
 14039 | D:12     | Reached XP level 12. HP: 68/68 MP: 25/28
 14167 | D:12     | Noticed a boulder beetle
 14172 | D:12     | Killed a boulder beetle
 14219 | D:12     | Noticed Jorgrun
 14231 | D:12     | Killed Jorgrun
 14450 | D:12     | Noticed a seven-headed hydra
 14457 | D:12     | Killed a seven-headed hydra
 14557 | D:12     | Learned a level 5 spell: Lee's Rapid Deconstruction
 14672 | D:12     | Found a staircase to the Orcish Mines.
 14754 | D:12     | Noticed a four-headed hydra
 14761 | D:12     | Killed a four-headed hydra
 14764 | D:12     | Reached ***** piety under Vehumet
 14767 | D:12     | Offered knowledge of Conjure Ball Lightning by Vehumet.
 15305 | D:12     | Noticed a two-headed ogre
 15308 | D:12     | Killed a two-headed ogre
 15309 | D:12     | Reached skill level 10 in Shields
 15376 | D:12     | Identified a scroll of acquirement
 15377 | D:12     | Acquired Lee's Handbook of Battle Magic and the Rocks
 15426 | D:13     | Noticed a two-headed ogre
 15430 | D:13     | Killed a two-headed ogre
 15498 | D:13     | Noticed a boulder beetle
 15505 | D:13     | HP: 3/68 [boulder beetle (16)]
 15509 | D:13     | Killed a boulder beetle
 15510 | D:13     | Reached skill level 10 in Conjurations
 15837 | D:13     | Noticed a centaur warrior
 15842 | D:13     | Killed a centaur warrior
 16458 | D:13     | Reached XP level 13. HP: 63/72 MP: 21/29
 17498 | D:13     | Learned a level 6 spell: Iron Shot
 18674 | D:14     | Noticed a vault guard
 18674 | D:14     | Noticed a vault guard
 18674 | D:14     | Noticed a vault guard
 18678 | D:14     | Noticed a vault guard
 18685 | D:14     | Killed a vault guard
 18882 | Lair:1   | Entered Level 1 of the Lair of Beasts
 20327 | Lair:2   | Reached skill level 15 in Shields
 20737 | Lair:2   | Identified the +1 rapier "Lapnocla" {venom, *Noise rElec
                  | Str+7}
 20970 | Lair:2   | Reached skill level 12 in Earth Magic
 21110 | Lair:2   | Found the +3 pair of seven-league boots {Rampage+∞}
 21729 | Lair:3   | Gained mutation: Your large and strong wings let you fly.
                  | [Gargoyle growth]
 21729 | Lair:3   | Reached XP level 14. HP: 78/78 MP: 27/30
 21737 | Lair:3   | Offered knowledge of Orb of Destruction by Vehumet.
 21885 | Lair:3   | Learned a level 7 spell: Orb of Destruction
 21977 | Lair:3   | Found a runed translucent gate.
 21977 | Lair:3   | Found a runed translucent gate.
 21977 | Lair:3   | Found a runed translucent gate.
 21978 | Lair:3   | Found a viscous altar of Jiyva.
 21978 | Lair:3   | Noticed t4s4d4r's ghost (journeyman OpTm)
 21987 | Lair:3   | Noticed Gastronok
 21993 | Lair:3   | Killed Gastronok
 22444 | Lair:3   | Noticed Rupert
 22448 | Lair:3   | Killed Rupert
 22449 | Lair:3   | Reached skill level 13 in Earth Magic
 23116 | Lair:3   | Found a staircase to the Snake Pit.
 23614 | Lair:4   | Acquired a staff of earth
 24134 | Lair:4   | Reached skill level 14 in Earth Magic
 24539 | Lair:4   | Found a staircase to the Swamp.
 25131 | Lair:4   | Identified the +1 hand crossbow "Ingav" {penet, rF+ Int+4}
 25529 | Lair:5   | Offered knowledge of Yara's Violent Unravelling by Vehumet.
 25636 | Lair:5   | Reached skill level 15 in Earth Magic
 26207 | Lair:5   | Reached skill level 1 in Evocations
 26302 | Lair:5   | Reached XP level 15. HP: 82/82 MP: 31/31
 26979 | Lair:6   | Entered Level 6 of the Lair of Beasts
 26980 | Lair:6   | Found the +7 captain's cutlass {speed, disarm}
 27006 | Lair:6   | Found a runed translucent door.
 28035 | Lair:6   | Identified the +3 leather armour of Calculation {rN+ Regen+
                  | Int+2 SInv}
 28195 | Lair:6   | Identified the +1 helmet of Utsutsor {+Blink rC- Will-
                  | Regen+}
 28196 | Lair:6   | Identified the +1 scale mail of the Original Sin {rN+++
                  | Int+5 Dex-2}
 28288 | Lair:6   | Found a runed translucent door.
 28291 | Lair:6   | Found a viscous altar of Jiyva.
 28292 | Lair:6   | Acquired 363 gold pieces
 28293 | Lair:6   | Noticed an acid blob
 29426 | Lair:6   | Noticed an acid blob
 29428 | Lair:6   | Found a staircase to the Slime Pits.
 30344 | Orc:1    | Entered Level 1 of the Orcish Mines
 30389 | Orc:1    | Offered knowledge of Iskenderun's Battlesphere by Vehumet.
 30703 | Orc:2    | Entered Level 2 of the Orcish Mines
 30970 | Orc:2    | Found a staircase to the Elven Halls.
 31516 | Orc:2    | Found Poryidgh's Antique Armour Emporium.
 31521 | Orc:2    | Bought a pair of scorched boots for 237 gold pieces
 31521 | Orc:2    | Identified the +0 pair of boots "Imepn" {-Tele rPois Str+6}
                  | (You bought it in a shop on level 2 of the Orcish Mines)
 31523 | Orc:2    | Bought a polished leather armour for 175 gold pieces
 31523 | Orc:2    | Identified the +0 leather armour "Kippokutz" {rC+} (You
                  | bought it in a shop on level 2 of the Orcish Mines)
 32539 | Orc:2    | Noticed an orc warlord
 32760 | Orc:2    | Killed an orc warlord
 33258 | Orc:2    | Found Bifruhet's Antique Armour Emporium.
 33260 | Orc:2    | Found Uzxack's Antique Weapon Shoppe.
 33279 | Orc:2    | Bought a steaming cloak for 332 gold pieces
 33279 | Orc:2    | Identified the -4 cloak "Ywnaqud" {Stlth+} (You bought it
                  | in a shop on level 2 of the Orcish Mines)
 33619 | Orc:2    | Found Jiamp's Magic Scroll Shop.
 33628 | Orc:2    | Bought a scroll of summoning for 171 gold pieces
 33979 | D:14     | Reached ****** piety under Vehumet
 33990 | D:14     | Reached skill level 5 in Evocations
 34144 | D:14     | Reached XP level 16. HP: 92/92 MP: 33/33
 34287 | D:14     | Found a gate to the Vaults.
 34291 | D:14     | Offered knowledge of Ozocubu's Refrigeration by Vehumet.
 34749 | D:14     | Found a glowing golden altar of the Shining One.
 34827 | D:15     | Entered Level 15 of the Dungeon
 35120 | D:15     | Noticed Josephine
 35126 | D:15     | Killed Josephine
 35376 | D:15     | Found a staircase to the Depths.
 36414 | Swamp:1  | Entered Level 1 of the Swamp
 36891 | Swamp:1  | Reached skill level 15 in Spellcasting
 36894 | Swamp:1  | Reached skill level 15 in Conjurations
 36895 | Swamp:1  | HP: 4/96 [spriggan rider (14)]
 37116 | Swamp:1  | Noticed a thorn hunter
 37122 | Swamp:1  | Killed a thorn hunter
 37123 | Swamp:1  | Reached skill level 10 in Fighting
 37751 | Swamp:2  | Offered knowledge of Starburst by Vehumet.
 38341 | Swamp:2  | Reached XP level 17. HP: 58/102 MP: 23/36
 39044 | Swamp:3  | Reached skill level 16 in Earth Magic
 39970 | Swamp:4  | Entered Level 4 of the Swamp
 40644 | Swamp:3  | Offered knowledge of Spellforged Servitor by Vehumet.
 40788 | Swamp:3  | Learned a level 7 spell: Spellforged Servitor
 40795 | Swamp:4  | Reached skill level 1 in Summonings
 41436 | Swamp:4  | Got a decaying rune of Zot
 41976 | Swamp:4  | Reached skill level 5 in Summonings
 42100 | Snake:1  | Entered Level 1 of the Snake Pit
 42102 | Snake:1  | Noticed Agnes
 42106 | Snake:1  | Killed Agnes
 42652 | Lair:3   | Killed t4s4d4r's ghost
 43487 | Snake:1  | Offered knowledge of Lehudib's Crystal Spear by Vehumet.
 43487 | Snake:1  | Offered knowledge of Shatter by Vehumet.
 43487 | Snake:1  | Offered knowledge of Polar Vortex by Vehumet.
 43497 | Snake:1  | Learned a level 8 spell: Lehudib's Crystal Spear
 43507 | Snake:1  | Learned a level 9 spell: Shatter
 43592 | Snake:1  | Noticed Frances
 43598 | Snake:1  | Killed Frances
 43599 | Snake:1  | Reached skill level 17 in Earth Magic
 43599 | Snake:1  | Reached XP level 18. HP: 107/107 MP: 16/37
 43868 | Snake:1  | Found Ruunef's Assorted Antiques.
 43886 | Snake:1  | Found Piof's Magic Scroll Shoppe.
 44051 | Snake:1  | Found Qikacsec's Assorted Antiques.
 44051 | Snake:1  | Found Onlan's General Store.
 44057 | Snake:1  | Bought a scroll of enchant armour for 120 gold pieces
 44057 | Snake:1  | Found Nuosap's Antique Armour Emporium.
 44066 | Snake:1  | Bought a scroll of acquirement for 676 gold pieces
 44066 | Snake:1  | Acquired 807 gold pieces
 44110 | Snake:1  | Identified Roxanne's Compendium of Earth
 44110 | Snake:1  | Noticed Roxanne
 44114 | Snake:1  | Killed Roxanne
 44208 | Snake:1  | Noticed Mlioglotl
 44213 | Snake:1  | Killed Mlioglotl
 44819 | Snake:2  | Noticed Donald
 44839 | Snake:2  | Mangled by Donald

Illustrated notes

Levels and vault maps discovered:
D:1:      minmay_arrival_radiant_lines, layout_rooms,
          hellmonk_ecumenical_altar_defaced_shrine, st_stairs_12
D:2:      layout_basic, serial_shops, nicolae_square_shop, shop_fountains,
          nicolae_lakefront_shop
D:3:      layout_loops_ring, nicolae_overflow_hidden_temple, serial_shops, shop,
          corexii_hall_statues_t
D:4:      layout_loops_ring
D:5:      layout_basic, nicolae_elyvilon_peaceful_grove,
          minmay_temple_entry_mini_moons, uniq_edmund
D:6:      layout_basic, mainiacjoe_overflow_chevrons, ebering_ghost_sewer_f,
          uniq_sigmund
D:7:      layout_loops_ring, tgw_kikubaaqudgha, trog_ov_bears_minmay,
          nicolae_specific_store, st_stairs_6, kennysheep_generic_room_15,
          uniq_menkaure, uniq_harold, uniq_maggie
D:8:      layout_rooms, serial_shops, nicolae_stop_n_shop_2,
          nicolae_shop_hallway_plus, ebering_dispersal_statue_hall
D:9:      layout_roguey, hangedman_decor_clover_reticule
D:10:     gammafunk_cloud_chamber, layout_loops_ring,
          nemelex_spade_bored_becter, david_lair_generic, serial_shops, shop,
          uniq_erolcha, uniq_sonja
D:11:     layout_rooms, nicolae_uskayaw_dance_hall
D:12:     layout_loops_cross, zombieorc2_lemuel, uniq_jorgrun
D:13:     layout_irregular_city
D:14:     erik_rubicon_a, layout_long_grid, lightli_vaults_fourway_checkpoint,
          tso_altar, kennysheep_nondescript
D:15:     hangedman_depths_entry_try_elsewhere_first, layout_irregular_city,
          uniq_josephine
Temple:   minmay_temple_forest_path
Lair:1:   layout_gridlike, chequers_serial_rivers_small_b
Lair:2:   layout_roguey, st_stairs_13,
          hellmonk_guarded_unrand_seven_league_boots, lemuel_fruit_fields
Lair:3:   layout_regular_city, minmay_snake_entry_guardpost_small,
          gammafunk_ghost_ooze, uniq_gastronok, uniq_rupert
Lair:4:   nzn_winding_woodlands_three_and_one
          [nzn_winding_woodlands_5x15_zeroes,
          nzn_winding_woodlands_5x15_river_crossing,
          nzn_winding_woodlands_5x15_crooked,
          nzn_winding_woodlands_center_triple_pond], layout_big_grid,
          swamp_mist_pool, lemuel_fruit_tree
Lair:5:   beast_lair_carwin_large_1, layout_cave_pods
Lair:6:   guppyfry_lair_end_dragon, layout_gridlike, wormcave, slime_altar_2
Swamp:1:  layout_basic_swamp, nicolae_swamp_small_spring, swamp_pool3
Swamp:2:  layout_basic_swamp, hangedman_swamp_pad, swamp_pool2,
          nicolae_swamp_snake_nest
Swamp:3:  layout_basic_swamp, hangedman_swamp_ruin_wall, swamp_pool4
Swamp:4:  swamp_fiery, layout_basic_swamp, swamp_pool4
Snake:1:  layout_honeycomb, serial_shops, nicolae_take_the_stairs, st_stairs_9,
          grunt_ministairs_10, minmay_shoptagon, uniq_roxanne, uniq_mlioglotl,
          uniq_agnes, uniq_frances
Snake:2:  layout_misc_corridors, special_room, minmay_shop_star, uniq_aizul,
          uniq_donald
Orc:1:    layout_diamond_mine, basic_altar
Orc:2:    grunt_orc_community_town_hall, layout_caves,
          grunt_orc_community_big_house_1, grunt_orc_community_big_house_2,
          grunt_orc_community_house_2, grunt_orc_community_house_1,
          grunt_orc_community_house_2, grunt_orc_community_house_1

Skill      XL: |  1  2  3  4  5  6  7  8  9 10 11 12 13 14 15 16 17 18 |
---------------+-------------------------------------------------------+-----
Earth Magic    | 4 5 6 7 8 10 11 12 15 17 | 17.3
Spellcasting   | 3 4 5 6 8 10 11 12 13 15 16 | 16.0
Fighting       | 4 5 7 10 | 10.0
Conjurations   | 4 8 10 13 14 15 | 15.8
Shields        | 7 11 15 | 15.0
Evocations     | 1 5 |  5.0
Summonings     | 7 |  7.6
Dodging        | |  1.5
Stealth        | |  2.1
Transmutations | |  0.7

Action                   |  1- 3 |  4- 6 |  7- 9 | 10-12 | 13-15 | 16-18 || total
-------------------------+-------+-------+-------+-------+-------+-------++-------
Melee: Unarmed           |     8 |       |       |       |    27 |       ||    35
       Dagger            |    19 |    34 |    50 |     2 |       |       ||   105
       Maul              |       |       |       |     4 |       |       ||     4
       Staff             |       |       |       |       |    24 |    16 ||    40
 Cast: Sandblast         |    47 |    69 |    31 |   172 |   257 |    30 ||   606
       Stone Arrow       |     1 |    14 |    88 |   235 |   573 |   483 ||  1394
       Lee's Rapid Decon |       |       |       |     3 |    25 |    24 ||    52
       Iron Shot         |       |       |       |       |    99 |   136 ||   235
       Orb of Destructio |       |       |       |       |     5 |    11 ||    16
       Spellforged Servi |       |       |       |       |       |     5 ||     5
Evoke: Wand              |       |       |       |       |    12 |       ||    12
  Use: Scroll            |     2 |     1 |     3 |    16 |    12 |     6 ||    40
       Potion            |       |       |       |       |     2 |     1 ||     3
Armor: Robe              |    16 |    28 |    24 |    45 |       |       ||   113
       Steam dragon scal |       |       |       |    71 |   148 |       ||   219
       Leather armour    |       |       |       |       |    69 |   206 ||   275
Dodge: Dodged            |    17 |    33 |    41 |   117 |   197 |   134 ||   539
Block: Other             |     9 |    17 |    21 |    43 |    15 |       ||   105
       Reflection        |       |       |       |     5 |    21 |    54 ||    80
       Kite shield       |       |       |       |       |   259 |   298 ||   557

Table legend: (Time is in decaauts)
 A = Elapsed time spent in this place.
 B = Non-inter-level travel time spent in this place.
 C = Inter-level travel time spent in this place.
 D = Time resting spent in this place.
 E = Time spent auto-exploring this place.
 F = Levels seen in this place.
 G = Mean time per level.
                   A        B        C        D        E       F      G
               +--------+--------+--------+--------+--------+-----+--------+
         Total |  44962 |  42368 |   2594 |    266 |  36448 |  30 | 1498.7 |
       Dungeon |  21518 |  19965 |   1553 |    132 |  17258 |  15 | 1434.5 |
        Temple |    355 |    306 |     49 |      0 |    287 |   1 |  355.0 |
          Lair |  11891 |  11209 |    682 |      0 |   9744 |   6 | 1981.8 |
         Swamp |   5604 |   5443 |    161 |      0 |   4702 |   4 | 1401.0 |
     Snake Pit |   2213 |   2169 |     44 |    134 |   1702 |   2 | 1106.5 |
  Orcish Mines |   3378 |   3274 |    104 |      0 |   2755 |   2 | 1689.0 |
               +--------+--------+--------+--------+--------+-----+--------+

Top non-repeatable levels by time:
  Lair:6: 2743 daAuts
    D:13: 2430 daAuts
  Lair:2: 2345 daAuts
   Orc:2: 2228 daAuts
  Lair:3: 2204 daAuts
 Snake:1: 2078 daAuts
  Lair:4: 2042 daAuts
 Swamp:3: 1908 daAuts
    D:14: 1861 daAuts
    D:12: 1787 daAuts
     D:3: 1621 daAuts
     D:4: 1557 daAuts
     D:6: 1552 daAuts
    D:10: 1550 daAuts
  Lair:5: 1536 daAuts
